 Seeded DCSS version 0.29.1-14-g9c671dbff4 (webtiles) character file.

Game seed: 1 (custom seed)

69 Kazon the Slasher (level 4, -7/37 HPs)
             Began as a Ghoul Gladiator on Feb 16, 2023.
             Mangled by a gnoll
             ... wielding a +0 spear
              (8 damage)
             ... on level 2 of the Dungeon.
             The game lasted 00:06:32 (1229 turns).

Kazon the Slasher (Ghoul Gladiator)                 Turns: 1229, Time: 00:06:33

Health: -7/37      AC:  8    Str: 17    XL:     4   Next: 20%
Magic:  3/3        EV: 12    Int:  5    God:
Gold:   180        SH:  0    Dex: 10    Spells: 3/3 levels left

rFire   . . .      SeeInvis .   a - +0 long sword
rCold   + . .      Faith    .   (no shield)
rNeg    + + +      Spirit   .   l - +0 leather armour
rPois   ∞          Reflect  .   c - +0 helmet
rElec   .          Harm     .   (no cloak)
rCorr   .          Rampage  ∞   (no gloves)
Will    .....                   f - +3 pair of seven-league boots {Rampage+∞}
Stlth   +.........              g - amulet of the acrobat
HPRegen 0.00/turn               (no ring)
MPRegen 0.08/turn               (no ring)

@: inhibited regen
A: claws 1, cold resistance 1, negative energy resistance 3, inhibited
regeneration, torment resistance 2, devour on kill
a: no special abilities


You were on level 2 of the Dungeon.
You visited 1 branch of the dungeon, and saw 3 of its levels.

You collected 180 gold pieces.

Inventory:

Hand Weapons
 a - a +0 long sword (weapon)
Missiles
 d - 3 throwing nets
 e - a javelin (quivered)
 k - 16 stones
Armour
 c - a +0 helmet (worn)
 f - the +3 pair of seven-league boots (worn) {Rampage+∞}
   (You acquired it on level 1 of the Dungeon)

   Its wearer moves as far as possible in that direction when moving towards
   enemies.
 l - a +0 leather armour (worn)
Jewellery
 g - an amulet of the acrobat (around neck)
Scrolls
 i - 5 scrolls of identify {unknown}
 m - a scroll of immolation {unknown}
Potions
 b - 2 potions of berserk rage {unknown}
 h - a potion of haste {unknown}
 j - a potion of attraction {unknown}
 n - a potion of flight {unknown}


   Skills:
 + Level 2.5 Fighting
 + Level 3.7 Long Blades
 + Level 1.8 Throwing
 + Level 0.8 Armour
 + Level 3.0 Dodging
 + Level 1.1 Stealth


You had 3 spell levels left.
You didn't know any spells.
Your spell library contained the following spells:

 Spells                   Type           Power      Damage    Failure   Level
 Sting                    Tmut/Pois      0%         1d3       54%         1
 Poisonous Vapours        Pois/Air       0%         N/A       67%         2
 Olgreb's Toxic Radiance  Pois           0%         N/A       99%         4


Dungeon Overview and Level Annotations

Branches:
Dungeon (3/15)

Altars:

Shops:
D:3 (


Innate Abilities, Weirdness & Mutations

You are immune to poison.
You have sharp fingernails.
Your flesh is cold resistant. (rC+)
You are immune to negative energy. (rN+++)
You do not regenerate when monsters are visible.
You are immune to unholy pain and torment.
You thrive by killing the living.


Message History

a +0 halberd; a gnoll corpse
Found a stone staircase leading down.
The gnoll shouts!
You hear a shout!
The gnoll throws a throwing net.
The throwing net completely misses you.
You hear a shout!
You see here a throwing net.
There is a stone staircase leading down here.
You stride towards the gnoll!
An endoplasm comes into view.
You closely miss the gnoll.
The endoplasm quivers.
The gnoll hits you with a +0 spear.
The endoplasm moves out of view.
You hit the gnoll but do no damage. You hit the gnoll.
The gnoll is heavily wounded.
The gnoll hits you from afar with a +0 spear.
* * * LOW HITPOINT WARNING * * *
The gnoll closely misses you. The gnoll hits you with a +0 whip.
* * * LOW HITPOINT WARNING * * *
You closely miss the gnoll. Your claw misses the gnoll.
The gnoll is heavily wounded.
The gnoll hits you with a +0 whip.
* * * LOW HITPOINT WARNING * * *
The gnoll hits you from afar with a +0 spear.
* * * LOW HITPOINT WARNING * * *
You slash the gnoll!
The gnoll is almost dead.
The gnoll hits you with a +0 whip.
* * * LOW HITPOINT WARNING * * *
The gnoll completely misses you.
You barely miss the gnoll.
The gnoll is almost dead.
The gnoll closely misses you. The gnoll hits you but does no damage.
You closely miss the gnoll.
The gnoll is almost dead.
The gnoll misses you.
The gnoll hits you from afar with a +0 spear.
* * * LOW HITPOINT WARNING * * *
The gnoll hits you from afar with a +0 spear!
You die...

############## #.#
.......).....# #.#
......######.# #.#
#####.######.###.#
.......#.......#>#
#####..#.###.#.#.#
#..# #.#.#.# #..#
#...#.# #...
##..#@# #.g..
#..#g## ....g.
#...g.# .....g
#.....# #.....#
#.....# ......#
.#.#.### #.#.#.#


You could see 2 gnolls.

Vanquished Creatures
  A gnoll (D:2)
  2 adders (D:2)
  A worm (D:2)
  8 endoplasms
  A giant cockroach (D:1)
  4 goblins (D:1)
  5 hobgoblins
  A kobold (D:1)
  A quokka (D:1)
  2 ball pythons (D:2)
  3 bats
  3 frilled lizards
  5 rats
37 creatures vanquished.

Notes
Turn   | Place    | Note
-------+----------+-------------------------------------------
     0 | D:1      | Kazon the Ghoul Gladiator began the quest for the Orb.
     0 | D:1      | Reached XP level 1. HP: 17/17 MP: 0/0
    32 | D:1      | Identified a scroll of acquirement
    32 | D:1      | Acquired the +3 pair of seven-league boots {Rampage+∞}
    32 | D:1      | Found the +3 pair of seven-league boots {Rampage+∞}
   146 | D:1      | Reached XP level 2. HP: 13/24 MP: 1/1
   727 | D:2      | Reached XP level 3. HP: 15/29 MP: 2/2
  1003 | D:2      | You fall into a shaft and drop 1 floor!
  1127 | D:3      | Reached XP level 4. HP: 35/37 MP: 3/3
  1136 | D:3      | Found Umat's Antique Weapon Boutique.
  1203 | D:2      | Reached skill level 1 in Stealth
  1229 | D:2      | HP: 1/37 [gnoll/+0 spear (5)]
  1229 | D:2      | Mangled by a gnoll

Illustrated notes

Levels and vault maps discovered:
D:1:      dpeg_arrival_three_smaller_balls, layout_basic
D:2:      layout_loops_ring
D:3:      layout_basic, serial_shops, nicolae_shop_stone, st_stairs_9,
          minmay_misc_feat_doors, eino_curves_03, uniq_robin

Skill      XL: |  1  2  3  4 |
---------------+-------------+-----
Long Blades    | 3 |  3.7
Dodging        | 3 |  3.0
Stealth        | 1 |  1.1
Fighting       | |  2.5
Throwing       | |  1.8
Armour         | |  0.8

Action                   |  1- 3 |  4- 6 || total
-------------------------+-------+-------++-------
Melee: Long sword        |   124 |    24 ||   148
       Punch             |     1 |       ||     1
  Use: Scroll            |     1 |       ||     1
Armor: Leather armour    |    59 |     5 ||    64
Dodge: Dodged            |   110 |    18 ||   128
